 Dungeon Crawl Stone Soup version 0.31-a0-233-g139696dc86 (webtiles) character file.

Game seed: 3999662584073370409

98 qw the Shooter (level 4, -1/26 HPs)
             Began as a Gargoyle Hexslinger on July 8, 2023.
             Slain by Sigmund
             ... wielding a +1 heavy scythe
              (12 damage)
             ... on level 4 of the Dungeon.
             The game lasted 00:00:51 (2777 turns).

qw the Shooter (Gargoyle Hexslinger)                Turns: 2777, Time: 00:00:51

Health: -1/26      AC:  8    Str: 11    XL:     4   Next: 71%
Magic:  5/5        EV: 10    Int: 14    God:
Gold:   190        SH:  0    Dex: 14    Spells: 4/5 levels left

rFire   . . .        Y - +1 sling
rCold   . . .        (no shield)
rNeg    + . .        i - +0 ring mail
rPois   inf          (no helmet)
rElec   +            (no cloak)
rCorr   .            (no gloves)
SInv    .            (no boots)
Will    .....        (no amulet)
Stlth   +            (no ring)
HPRegen 0.24/turn    (no ring)
MPRegen 0.09/turn

%: no passive effects
@: no status effects
A: sickness immunity, AC +3, negative energy resistance 1, electricity
resistance, torment resistance 1, petrification resistance
a: no special abilities


You were on level 4 of the Dungeon.
You visited 1 branch of the dungeon, and saw 4 of its levels.

You collected 190 gold pieces.


Innate Abilities, Weirdness & Mutations

You are immune to sickness and miasma.
Your stone body is resilient. (AC +3)
You are immune to poison.
You resist negative energy. (rN+)
You are resistant to electric shocks. (rElec)
You are resistant to unholy torment.
You are immune to petrification.


   Skills:
 - Level 2.0 Fighting
 + Level 4.3 Ranged Weapons
 - Level 1.0 Armour
 - Level 1.5 Dodging
 - Level 1.0 Spellcasting
 - Level 2.6 Hexes


You had 4 spell levels left.
You knew the following spells:

 Your Spells              Type           Power      Damage    Failure   Level
a - Slow                  Hex            32%        N/A       21%         1

Your spell library contained the following spells:

 Spells                   Type           Power      Damage    Failure   Level
 Inner Flame              Hex/Fire       4%         N/A       71%         3
 Portal Projectile        Hex/Tloc       8%         N/A       71%         3
 Cause Fear               Hex            4%         N/A       90%         4

Inventory:

Hand Weapons
 Y - a +1 sling (weapon)
Armour
 i - a +0 ring mail (worn)
Scrolls
 a - a scroll of identify
 f - a scroll of teleportation
Potions
 b - a potion of resistance {unknown}
 c - a potion of enlightenment
 d - a potion of curing {unknown}
 g - a potion of degeneration {unknown}
 h - 3 potions of haste
 k - a potion of berserk rage {unknown}

Dungeon Overview and Level Annotations

Branches:
Dungeon (4/15)
 Temple: D:4-7

Altars:
Kikubaaqudgha

Annotations:
D:4 Sigmund


Message History

You shoot a sling bullet.
The sling bullet closely misses Sigmund.
Sigmund screams, "Die, monster!"
You shoot a sling bullet. The sling bullet hits Sigmund.
Sigmund is moderately wounded.
Sigmund barely misses you.
You shoot a sling bullet. The sling bullet barely misses Sigmund.
Sigmund hits you from afar with a +1 heavy scythe!
Ouch! That really hurt!
A jackal comes into view.
The jackal barks!
A jackal comes into view.
The jackal barks!
You shoot a sling bullet. The sling bullet hits the jackal.
The jackal is severely wounded.
A jackal comes into view.
You shoot a sling bullet.
The sling bullet closely misses the jackal.
A jackal comes into view.
The jackal closely misses you.
You shoot a sling bullet.
The sling bullet closely misses the jackal.
The jackal barks!
The jackal barely misses you.
The jackal bites you but does no damage.
You shoot a sling bullet.
The sling bullet barely misses the jackal.
The jackal bites you but does no damage.
Sigmund points at you and mumbles some strange words.
The magic dart hits you but does no damage.
You shoot a sling bullet. The sling bullet hits the jackal.
You kill the jackal!
Sigmund says, "Look into my eyes."
The jackal bites you but does no damage. x2
You shoot a sling bullet. The sling bullet hits Sigmund.
Sigmund is moderately wounded.
The jackal bites you.
The jackal bites you but does no damage. x2
Sigmund hits you with a +1 heavy scythe!
You die...

########### #.........#
#..####.#.###########
#..# #.......h.......
## #..#
#.##...@hh......
.###..###.###..#@#####.
#.##........#.@#.#
#....####.#.#..#.#
#.........# #..#.#
.#...###### #..#.#
##...#### ...#.#
......... .....#
#...##### ##. #...#


You could see Sigmund and 3 jackals.

Vanquished Creatures
  3 adders (D:2)
  A white imp (D:4)
  2 dart slugs (D:3)
  An orc (D:4)
  5 ball pythons
  5 bats
  4 endoplasms
  4 giant cockroaches
  2 goblins
  3 hobgoblins
  7 jackals
  2 quokkas
  3 frilled lizards
  7 kobolds
  7 rats
56 creatures vanquished.

Vanquished Creatures (others)
  A human (D:4)
1 creature vanquished.

Grand Total: 57 creatures vanquished

Notes
Turn   | Place    | Note
-------+----------+-------------------------------------------
     0 | D:1      | qw the Gargoyle Hexslinger began the quest for the Orb.
     0 | D:1      | Reached XP level 1. HP: 12/12 MP: 2/2
     0 | D:1      | 0 ||| qw: Version: 0.3-a-46-gb1f654a
     0 | D:1      | 0 ||| qw: Game counter: 3756
     0 | D:1      | 0 ||| qw: Melee chars always use a shield: true
     0 | D:1      | 0 ||| qw: God list: Okawaru
     0 | D:1      | 0 ||| qw: Allow faded altars: false
     0 | D:1      | 0 ||| qw: Do Orc after clearing Dungeon:15 true
     0 | D:1      | 0 ||| qw: Do second Lair branch before Depths: true
     0 | D:1      | 0 ||| qw: Lair rune preference: random
     0 | D:1      | 0 ||| qw: Goals: Normal
     0 | D:1      | 0 ||| PLANNING D:1-11
    90 | D:1      | Reached XP level 2. HP: 16/16 MP: 3/3
   137 | D:1      | Reached skill level 3 in Ranged Weapons
   520 | D:1      | Reached XP level 3. HP: 21/21 MP: 4/4
   848 | D:1      | 848 ||| UPGRADING to +0 leather armour.
   858 | D:1      | 858 ||| DROPPING +0 robe.
   859 | D:1      | 859 ||| READING scroll labelled EREASU GENN.
   860 | D:1      | 860 ||| READING scroll labelled XICLOU IGEQA.
   861 | D:1      | 861 ||| DRINKING 2 brown potions.
   862 | D:1      | 862 ||| DROPPING scroll of poison.
  1009 | D:2      | Identified the +8 hand axe of Change {spect, Fly MP+9
                  | Int+6}
  1050 | D:2      | Reached XP level 4. HP: 26/26 MP: 5/5
  1286 | D:2      | Reached skill level 4 in Ranged Weapons
  1534 | D:2      | 1534 ||| READING scroll labelled JODOABR BIHEPS.
  1538 | D:2      | 1538 ||| DRINKING 2 emerald potions.
  1805 | D:3      | Found a faded altar of an unknown god.
  2522 | D:3      | 2522 ||| UPGRADING to +0 ring mail.
  2532 | D:3      | 2532 ||| DROPPING +0 leather armour.
  2533 | D:3      | 2533 ||| READING scroll labelled HAROUG UTIZISY.
  2551 | D:3      | 2551 ||| READING scroll labelled HEOQITZU BEW.
  2666 | D:4      | Reached skill level 1 in Armour
  2736 | D:4      | Found an ancient bone altar of Kikubaaqudgha.
  2738 | D:4      | Noticed a human
  2739 | D:4      | Killed a human
  2764 | D:4      | Noticed Sigmund
  2777 | D:4      | Slain by Sigmund

Levels and vault maps discovered:
D:1:      dpeg_arrival_refuge, layout_basic, minmay_misc_feat_secret_circle
D:2:      layout_loops_ring, moated_statue
D:3:      layout_basic, dreamdust_ecumenical_altar_hidden_monk_grotto
D:4:      nicolae_BIG_FREAKIN_CUBE, layout_loops_ring,
          nicolae_qazlal_general_emergency, tgw_kikubaaqudgha,
          minmay_temple_entry_mist, uniq_sigmund

Skill      XL: |  1  2  3  4 |
---------------+-------------+-----
Ranged Weapons | 3 4 |  4.3
Fighting       | 2 |  2.0
Armour         | 1 |  1.0
Dodging        | |  1.5
Spellcasting   | |  1.0
Hexes          | |  2.6

Action                     |  1- 3 |  4- 6 || total
---------------------------+-------+-------++-------
   Fire: Sling             |   120 |    71 ||   191
    Use: Scroll            |     2 |     3 ||     5
         Potion            |     1 |     1 ||     2
 Armour: Robe              |    20 |       ||    20
         Leather armour    |     9 |     8 ||    17
         Ring mail         |       |    15 ||    15
  Dodge: Dodged            |    56 |    30 ||    86

Table legend:
 A = Non-vault XP
 B = Vault XP
 C = Vault XP percentage of total XP
 D = Non-vault monster count
 E = Vault monster count
 F = Vault count percentage of total count
                 A         B        C        D         E       F
            +---------+---------+-------+---------+---------+-------
      Total |     141 |       0 |   0.0 |      56 |       0 |   0.0
            +---------+---------+-------+---------+---------+-------
        D:1 |      37 |       0 |   0.0 |      22 |       0 |   0.0
        D:2 |      69 |       0 |   0.0 |      22 |       0 |   0.0
        D:3 |      16 |       0 |   0.0 |       7 |       0 |   0.0
        D:4 |      19 |       0 |   0.0 |       5 |       0 |   0.0
            +---------+---------+-------+---------+---------+-------
